 Dungeon Crawl Stone Soup version 0.17.1-3-g152610e (webtiles) character file.

16378 Wuptiduh the Cruncher (level 12, -2/100 HPs)
             Began as a Demonspawn Berserker on Mar 28, 2016.
             Was the Champion of Trog.
             Slain by a redback (4 damage)
             ... summoned by a deep elf summoner
             ... on level 1 of the Elven Halls.
             The game lasted 01:42:40 (15897 turns).

Wuptiduh the Cruncher (Demonspawn Berserker)       Turns: 15897, Time: 01:42:40

Health: -2/100     AC: 18    Str: 21    XL:     12   Next: 9%
Magic:  0/12       EV: 10    Int: 14    God:    Trog [******]
Gold:   527        SH:  9    Dex: 14    Spells: 0 memorised, 11 levels left

rFire  . . .     SeeInvis .     G - +6 double sword (elec)
rCold  + + .     Clarity  .     f - +1 plate armour
rNeg   . . .     SustAt   .     n - +1 shield {rC+}
rPois  .         Gourm    .     s - +1 helmet {Int+3}
rElec  .         Spirit   +     r - +2 cloak
rCorr  .         Warding  .     g - +2 pair of gloves
rMut   .         Stasis   .     Y - +2 pair of boots
MR     .....                    l - amulet of guardian spirit
Stlth  ..........               W - +4 ring of slaying
                                p - +5 ring of evasion

@: exhausted, corroded equipment, slowed, very slow, not resistant to hostile
enchantments, extremely unstealthy
A: hooves 2, rugged brown scales 2, clever 1, cold resistance 1, magic shield
a: Berserk, Trog's Hand, Brothers in Arms, Burn Spellbooks, Renounce Religion


You were on level 1 of the Elven Halls.
You worshipped Trog.
Trog was exalted by your worship.
You were not hungry.

You visited 4 branches of the dungeon, and saw 15 of its levels.

You collected 1423 gold pieces.
You spent 896 gold pieces at shops.

Inventory:

Hand Weapons
 b - a +1 short sword of holy wrath
 y - a +4 quarterstaff of draining
 G - a +6 double sword of electrocution (weapon)
 K - a cursed -1 great sword
 L - a +2 dire flail of crushing
Armour
 f - a +1 plate armour (worn)
 g - a +2 pair of gloves (worn)
 n - a +1 shield of cold resistance (worn)
 r - a +2 cloak (worn)
 s - a +1 helmet of intelligence (worn)
 N - a troll hide
 Y - a +2 pair of boots (worn)
Jewellery
 l - an amulet of guardian spirit (around neck)
 o - an uncursed ring of protection from fire
 p - a +5 ring of evasion (left hand)
 t - an uncursed ring of see invisible
 v - an uncursed amulet of rage
 Q - an uncursed ring of sustain attributes
 W - a +4 ring of slaying (right hand)
Wands
 a - a wand of magic darts (15)
 j - a wand of polymorph (9)
 R - a wand of digging (7)
 S - a wand of flame (29)
Scrolls
 h - 6 scrolls of remove curse
 m - 2 scrolls of recharging
 u - 5 scrolls of fog
 A - 2 scrolls of amnesia
 C - 2 scrolls of identify
 E - a scroll of magic mapping
 I - 2 scrolls of random uselessness
 P - 2 scrolls of immolation
 T - 3 scrolls of noise
 V - a scroll of vulnerability
Potions
 d - 2 potions of curing
 e - a potion of haste
 i - 4 potions of heal wounds {unknown}
 k - a potion of ambrosia
 q - 4 potions of might
 z - 2 potions of lignification
 B - a potion of invisibility
 F - a potion of poison
 H - a potion of mutation {unknown}
 J - a potion of cancellation
Miscellaneous
 Z - an ornate deck of changes {drawn: 1}
Comestibles
 c - 4 bread rations
 w - 2 beef jerkies
 x - 7 fruits
 D - a slice of pizza
 X - 4 meat rations


   Skills:
 + Level 9.4 Fighting
 * Level 8.2 Long Blades
 - Level 4.0(7.5) Maces & Flails
 - Level 9.8(10.1) Staves
 + Level 9.8 Armour
 - Level 1.9 Dodging
 + Level 1.0 Stealth
 - Level 1.0 Shields
 + Level 0.6 Evocations


You had 11 spell levels left.
You didn't know any spells.

Dungeon Overview and Level Annotations

Branches:
Dungeon (10/15)            Temple (1/1) D:4             Orc (3/4) D:10
    Elf (1/3) Orc:3
   Lair: D:8-11

Altars:
Ashenzari
Cheibriados
Dithmenos
Elyvilon
Fedhas
Gozag
Kikubaaqudgha
Makhleb
Nemelex Xobeh
Okawaru
Qazlal
Ru
Sif Muna
Trog
Vehumet
Xom
Yredelemnul
Zin
The Shining One

Shops:
D:7 [   D:9 :   Orc:3 **


Innate Abilities, Weirdness & Mutations

You have hoof-like feet.
You are mostly covered in rugged brown scales (AC +2, +5% HP).
Your flesh is cold resistant.
When hurt, damage is shared between your health and your magic reserves.
Your mind is acute. (Int +2)


Message History

The demonic crawler hits you.
* * * LOW HITPOINT WARNING * * *
You block the demonic crawler's attack.
The demonic crawler hits you but does no damage.
A deep elf summoner opens the large door.
The redback misses you.
The deep elf high priest hits you but does no damage.
Unknown command.
You hit the demonic crawler.
The demonic crawler is lightly wounded.
You are no longer berserk.
You are exhausted.
You feel yourself slow down.
The demonic crawler disappears in a puff of smoke!
The smoke demon hits you.
* * * LOW HITPOINT WARNING * * *
The smoke demon barely misses you. The smoke demon completely misses you.
You block the demonic crawler's attack. x3
The redback bites you.
You die...

##.....## ##....>..##
####### #.........#
#.....#
+......(..#####.....###
#........)'...'.....'..
#..s...r..#####.(...###
#...r.sse.# #.....#
##..s3ss4## ####+##
+#rex@e#r## ###'####4#
#' ##s# .. .s# ... .3ee
....


##ers ..... #ees. +..... er## ## You could see a demonic crawler, 2 deep elf
summoners, a deep elf high priest, a sixfirhy, a smoke demon, 2 tarantellas, 3
redbacks and 3 hell rats.

Vanquished Creatures
  Maud (D:10)
  Erica (Orc:1)
  An orc knight (Orc:3)
  Pikel (D:6)
  2 hill giants
  3 deep elf summoners (Elf:1)
  A deep elf conjurer (Elf:1)
  An orc sorcerer (Orc:3)
  Joseph (D:7)
  A gargoyle (D:10)
  3 trolls
  The ghost of Arkorax the Slasher, an amateur MiGl of Okawaru (D:5)
  A two-headed ogre (D:9)
  A shadow (D:9)
  A trapdoor spider (D:10)
  A spriggan (D:9)
  2 deep elf magi
  8 yaks
  The ghost of MovingMist the Twirler, an amateur DsGl of Makhleb (D:3)
  A steam dragon (D:10)
  A warg (Orc:3)
  Menkaure (D:7)
  Duvessa (D:7)
  A slave (D:6)
  A black bear (D:9)
  A phantom (D:9)
  An eye of draining (D:10)
  13 orc warriors
  A sky beast (D:9)
  7 ogres
  A necrophage (D:9)
  3 centaurs
  7 giant frogs
  2 gnoll sergeants (D:8)
  Dowan (D:7)
  A big kobold (D:9)
  3 scorpions
  A wyvern skeleton (D:9)
  An electric eel (D:9)
  8 killer bees
  4 wights (D:9)
  3 crimson imps
  7 hounds
  Crazy Yiuf (D:2)
  2 quasits
  A centaur zombie (D:10)
  4 jellies
  20 orc wizards
  3 centaur skeletons
  16 orc priests
  A giant frog skeleton (D:10)
  An iguana (D:9)
  6 worker ants
  A hound zombie (D:7)
  A worker ant zombie (D:10)
  17 adders
  16 gnolls
  5 shadow imps
  An ooze (D:3)
  2 adder skeletons
  5 giant geckos
  86 orcs
  10 ball pythons
  6 bats
  8 giant cockroaches
  10 goblins
  5 hobgoblins
  7 jackals
  2 quokkas
  3 giant newts
  12 kobolds
  A quokka skeleton (D:5)
  9 rats
365 creatures vanquished.

Vanquished Creatures (others)
  A giant frog zombie (D:6)
  A giant gecko (D:6)
2 creatures vanquished.

Grand Total: 367 creatures vanquished

Notes
Turn   | Place    | Note
--------------------------------------------------------------
     0 | D:1      | Wuptiduh the Demonspawn Berserker began the quest for the Orb.
     0 | D:1      | Reached XP level 1. HP: 18/18 MP: 1/1
   377 | D:1      | Gained mutation: When hurt, damage is shared between your health and your magic reserves. [demonic ancestry]
   377 | D:1      | Reached XP level 2. HP: 18/24 MP: 2/2
  1176 | D:2      | Reached ** piety under Trog
  1203 | D:2      | Found a radiant altar of Vehumet.
  1205 | D:2      | Found a blossoming altar of Fedhas.
  1296 | D:2      | Gained mutation: Your flesh is cold resistant. [demonic ancestry]
  1296 | D:2      | Reached XP level 3. HP: 29/29 MP: 3/3
  1506 | D:2      | Noticed Crazy Yiuf
  1527 | D:2      | HP: 1/29 [Crazy Yiuf/quarterstaff of chaos (7)]
  1528 | D:2      | Killed Crazy Yiuf
  1528 | D:2      | Reached skill level 1 in Shields
  1528 | D:2      | Gained mutation: You are partially covered in rugged brown scales (AC +1, +3% HP). [demonic ancestry]
  1528 | D:2      | Reached XP level 4. HP: 1/36 MP: 1/4
  2907 | D:3      | Reached XP level 5. HP: 43/43 MP: 5/5
  3063 | D:3      | Reached skill level 1 in Staves
  3165 | D:3      | Noticed MovingMist's ghost (amateur DsGl)
  3178 | D:3      | Killed MovingMist's ghost
  3178 | D:3      | Reached skill level 4 in Fighting
  3178 | D:3      | Gained mutation: You have large cloven feet. [demonic ancestry]
  3178 | D:3      | Reached XP level 6. HP: 31/49 MP: 4/6
  3635 | D:4      | Reached *** piety under Trog
  4121 | D:4      | Gained mutation: You have hoof-like feet. [demonic ancestry]
  4121 | D:4      | Reached XP level 7. HP: 49/56 MP: 7/7
  4502 | D:4      | Found a staircase to the Ecumenical Temple.
  4511 | Temple   | Entered the Ecumenical Temple
  5213 | D:5      | Entered Level 5 of the Dungeon
  5598 | D:5      | Reached skill level 5 in Fighting
  5905 | D:5      | Noticed Arkorax's ghost (amateur MiGl)
  5923 | D:5      | Killed Arkorax's ghost
  5923 | D:5      | Reached skill level 5 in Staves
  5923 | D:5      | Reached skill level 5 in Armour
  5923 | D:5      | Gained mutation: You are mostly covered in rugged brown scales (AC +2, +5% HP). [demonic ancestry]
  5923 | D:5      | Reached XP level 8. HP: 36/65 MP: 4/8
  6890 | D:6      | Reached skill level 1 in Maces & Flails
  6977 | D:6      | Noticed Pikel
  6997 | D:6      | Killed Pikel
  6997 | D:6      | Reached skill level 6 in Fighting
  6997 | D:6      | Reached XP level 9. HP: 72/72 MP: 9/9
  7551 | D:7      | Reached **** piety under Trog
  7906 | D:7      | Noticed Joseph
  7921 | D:7      | Killed Joseph
  7921 | D:7      | Reached skill level 7 in Armour
  8054 | D:7      | Noticed Duvessa
  8061 | D:7      | Noticed Dowan
  8070 | D:7      | Killed Duvessa
  8141 | D:7      | Killed Dowan
  8183 | D:7      | Found Keshum's Armour Shop.
  8202 | D:7      | Bought a +1 helmet of intelligence for 181 gold pieces
  8364 | D:7      | Noticed Menkaure
  8388 | D:7      | Killed Menkaure
  8840 | D:8      | Reached skill level 8 in Armour
  8933 | D:8      | Reached ***** piety under Trog
  9139 | D:9      | Noticed a hill giant
  9154 | D:9      | Killed a hill giant
  9154 | D:9      | Reached XP level 10. HP: 54/82 MP: 5/10
  9208 | D:9      | Found a shadowy altar of Dithmenos.
  9403 | D:9      | Found Qidax's Book Shop.
  9491 | D:9      | Found a deep blue altar of Sif Muna.
  9921 | D:9      | Reached skill level 9 in Staves
 10099 | D:9      | Gained mutation: Your mind is acute. (Int +2) [potion of beneficial mutation]
 10970 | D:10     | Entered Level 10 of the Dungeon
 10974 | D:10     | Noticed Maud
 10998 | D:10     | Killed Maud
 10998 | D:10     | Reached XP level 11. HP: 16/91 MP: 1/11
 11522 | D:10     | Found a staircase to the Orcish Mines.
 13350 | D:10     | Noticed a hill giant
 13358 | D:10     | Killed a hill giant
 13358 | D:10     | Reached skill level 5 in Long Blades
 13495 | Orc:1    | Entered Level 1 of the Orcish Mines
 13495 | Orc:1    | Noticed Erica
 13626 | Orc:1    | Killed Erica
 13627 | Orc:1    | Reached ****** piety under Trog
 14740 | Orc:3    | Found a staircase to the Elven Halls.
 14798 | Orc:3    | Found Huowioff's General Store.
 15182 | Orc:3    | Received a gift from Trog
 15378 | Orc:3    | Found Eole's Eclectic Emporium.
 15697 | Orc:3    | Bought a +5 ring of evasion for 715 gold pieces
 15804 | Elf:1    | Entered Level 1 of the Elven Halls
 15838 | Elf:1    | Noticed a deep elf summoner
 15840 | Elf:1    | Noticed a deep elf summoner
 15844 | Elf:1    | Noticed a deep elf high priest
 15850 | Elf:1    | Noticed a deep elf summoner
 15851 | Elf:1    | Noticed a deep elf summoner
 15853 | Elf:1    | Noticed a deep elf summoner
 15853 | Elf:1    | Noticed a deep elf summoner
 15859 | Elf:1    | Noticed a deep elf summoner
 15872 | Elf:1    | Killed a deep elf summoner
 15872 | Elf:1    | Reached XP level 12. HP: 59/100 MP: 9/12
 15888 | Elf:1    | Killed a deep elf summoner
 15888 | Elf:1    | Reached skill level 1 in Stealth
 15890 | Elf:1    | Killed a deep elf summoner
 15895 | Elf:1    | HP: 5/150 [redback[a deep elf summoner] (5)]
 15896 | Elf:1    | HP: 2/150 [demonic crawler[a deep elf summoner] (3)]
 15897 | Elf:1    | Slain by a redback

Action                   |  1- 3 |  4- 6 |  7- 9 | 10-12 || total
-------------------------+-------+-------+-------+-------++-------
Melee: Falchion          |   185 |       |       |       ||   185
       Quarterstaff      |       |   124 |   257 |   187 ||   568
       Dire flail        |       |       |   123 |       ||   123
       Double sword      |       |       |       |   356 ||   356
Invok: Berserk           |       |     1 |     3 |     4 ||     8
Evoke: Wand              |       |       |     1 |       ||     1
       Deck              |       |       |       |     1 ||     1
  Use: Scroll            |     4 |     5 |     8 |     5 ||    22
       Potion            |       |     2 |     3 |     9 ||    14
 Stab: Invisible         |     3 |       |       |       ||     3
       Paralysed         |       |     5 |       |       ||     5
       Petrifying        |       |     1 |       |       ||     1
       Confused          |       |       |     1 |       ||     1
       Distracted        |       |       |       |     1 ||     1
  Eat: Chunk             |     2 |     4 |     4 |     7 ||    17
       Bread ration      |       |     2 |     2 |     4 ||     8
       Fruit             |       |     1 |     1 |     1 ||     3
       Meat ration       |       |       |     1 |       ||     1
